BSA
ST. LOUIS BROWNS @ MAUI TROPICS
06/01/2029
 
TOP OF THE 1ST
St. Louis Browns batting - Pitching for Maui Tropics : RHP Ronald Cotton
Pitching: RHP Ronald Cotton
Batting: RHB Manuel Alonso 0-0: Foul Ball, location: 2F
0-1: Foul Ball, location: 2F
0-2: Ball
1-2: Foul Ball, location: 2F
1-2: Fly out, F7 (Flyball, 7S)
Batting: RHB Jeff Jones 0-0: Ball
1-0: Swinging Strike
1-1: Foul Ball, location: 2F
1-2: Ball
2-2: Strikes out swinging
Batting: LHB Mike Hill 0-0: Called Strike
0-1: Ball
1-1: Ball
2-1: Ground out 4-3 (Groundball, 4)
Top of the 1st over - 0 runs, 0 hits, 0 errors, 0 left on base; St. Louis 0 - Maui 0
BOTTOM OF THE 1ST
Maui Tropics batting - Pitching for St. Louis Browns : RHP Scott Walker
Pitching: RHP Scott Walker
Batting: RHB Roberto Gómez 0-0: Ball
1-0: Called Strike
1-1: Called Strike
1-2: Ball
2-2: Ground out 4-3 (Groundball, 4)
Batting: LHB Dave Cook 0-0: Called Strike
0-1: Ball
1-1: Ball
2-1: Ball
3-1: Fly out, F5 (Popup, 5SF)
Batting: RHB Jesús Espinoza 0-0: Fly out, F4 (Popup, 4M)
Bottom of the 1st over - 0 runs, 0 hits, 0 errors, 0 left on base; St. Louis 0 - Maui 0
TOP OF THE 2ND
St. Louis Browns batting - Pitching for Maui Tropics : RHP Ronald Cotton
Batting: RHB Adrian Prouse 0-0: Ball
1-0: Ball
2-0: Foul Ball, location: 2F
2-1: Ball
3-1: Ground out 5-3 (Groundball, 56)
Batting: LHB Dave Watson 0-0: Ball
1-0: Swinging Strike
1-1: Ball
2-1: Ball
3-1: Foul Ball, location: 2F
3-2: Fly out, F5 (Popup, 56)
Batting: LHB Junior Coates 0-0: Called Strike
0-1: SINGLE (Groundball, 6D)
Batting: RHB Anthony Rucker 0-0: Foul Ball, location: 2F
0-1: Called Strike
0-2: Ball
1-2: Ball
2-2: Ball
3-2: Ground out 5-3 (Groundball, 5S)
Top of the 2nd over - 0 runs, 1 hit, 0 errors, 1 left on base; St. Louis 0 - Maui 0
BOTTOM OF THE 2ND
Maui Tropics batting - Pitching for St. Louis Browns : RHP Scott Walker
Batting: LHB José Rivas 0-0: Called Strike
0-1: Ball
1-1: Ball
2-1: Fly out, F8 (Flyball, 8LD)
Batting: LHB Luis Antonio Torres 0-0: Called Strike
0-1: Ball
1-1: Foul Ball, location: 2F
1-2: Ball
2-2: Fly out, F8 (Line Drive, 8LM)
Batting: LHB Don Hull 0-0: Swinging Strike
0-1: Foul Ball, location: 2F
0-2: Strikes out swinging
Bottom of the 2nd over - 0 runs, 0 hits, 0 errors, 0 left on base; St. Louis 0 - Maui 0
TOP OF THE 3RD
St. Louis Browns batting - Pitching for Maui Tropics : RHP Ronald Cotton
Batting: RHB Javier Martínez 0-0: Called Strike
0-1: Ball
1-1: Swinging Strike
1-2: Ball
2-2: Strikes out swinging
Batting: RHB António Venecia 0-0: Fly out, F8 (Flyball, 78D)
Batting: RHB Manuel Alonso 0-0: Ball
1-0: Ball
2-0: Ball
3-0: Called Strike
3-1: Foul Ball, location: 2F
3-2: SINGLE (Groundball, 6MD)
Batting: RHB Jeff Jones 0-0: Ball
Manuel Alonso steals 2nd base
1-0: Ball
2-0: Ball
3-0: Called Strike
3-1: Foul Ball, location: 2F
3-2: Ground out U3 (Groundball, 3)
Top of the 3rd over - 0 runs, 1 hit, 0 errors, 1 left on base; St. Louis 0 - Maui 0
BOTTOM OF THE 3RD
Maui Tropics batting - Pitching for St. Louis Browns : RHP Scott Walker
Batting: RHB Michael Woodruff 0-0: Foul Ball, location: 2F
0-1: Called Strike
0-2: Ball
1-2: Ball
2-2: Foul Ball, location: 2F
2-2: Fly out, F8 (Flyball, 8RS)
Batting: RHB Matt Silver 0-0: Called Strike
0-1: Fly out, F7 (Flyball, 78D)
Batting: RHB Alfredo Ramírez 0-0: Ball
1-0: Called Strike
1-1: Foul Ball, location: 2F
1-2: Ball
2-2: Ground out U3 (Groundball, 34)
Bottom of the 3rd over - 0 runs, 0 hits, 0 errors, 0 left on base; St. Louis 0 - Maui 0
TOP OF THE 4TH
St. Louis Browns batting - Pitching for Maui Tropics : RHP Ronald Cotton
Batting: LHB Mike Hill 0-0: Swinging Strike
0-1: SINGLE (Groundball, 6MD)
Batting: RHB Adrian Prouse 0-0: Ball
1-0: Ball
2-0: Foul Ball, location: 2F
2-1: Called Strike
2-2: Foul Ball, location: 2F
2-2: Foul Ball, location: 2F
2-2: Ball
3-2: Strikes out swinging
Batting: LHB Dave Watson 0-0: Ball
1-0: SINGLE (Popup, 4D)
Mike Hill to second
Runner from 2nd tries for 3rd, SAFE, throw made to third
Batting: LHB Junior Coates 0-0: Foul Ball, location: 2F
0-1: Ball
1-1: Foul Ball, location: 2F
1-2: Foul Ball, location: 2F
1-2: Fly out, F7 (Flyball, 7D)
Runner from 3rd tags up, OUT at HOME
Top of the 4th over - 0 runs, 2 hits, 0 errors, 1 left on base; St. Louis 0 - Maui 0
BOTTOM OF THE 4TH
Maui Tropics batting - Pitching for St. Louis Browns : RHP Scott Walker
Batting: RHB Roberto Gómez 0-0: Ball
1-0: Foul Ball, location: 2F
1-1: Ground out 6-3 (Groundball, 6)
Batting: LHB Dave Cook 0-0: Foul Ball, location: 2F
0-1: Foul Ball, location: 2F
0-2: Foul Ball, location: 2F
0-2: Ground out U3 (Groundball, 3)
Batting: RHB Jesús Espinoza 0-0: Ball
1-0: Ball
2-0: Ball
3-0: Called Strike
3-1: Called Strike
3-2: Foul Ball, location: 2F
3-2: Strikes out swinging
Bottom of the 4th over - 0 runs, 0 hits, 0 errors, 0 left on base; St. Louis 0 - Maui 0
TOP OF THE 5TH
St. Louis Browns batting - Pitching for Maui Tropics : RHP Ronald Cotton
Batting: RHB Anthony Rucker 0-0: Ball
1-0: Ball
2-0: Ball
3-0: Called Strike
3-1: Base on Balls
Batting: RHB Javier Martínez 0-0: Fly out, F7 (Line Drive, 7D)
Batting: RHB António Venecia 0-0: Called Strike
0-1: Called Strike
0-2: Ball
1-2: Ball
2-2: SINGLE (Flyball, 89M)
Anthony Rucker to second
Runner from 2nd tries for 3rd, SAFE, no throw
Batting: RHB Manuel Alonso 0-0: Ball
1-0: Swinging Strike
1-1: Foul Ball, location: 2F
1-2: Strikes out swinging
Batting: RHB Jeff Jones 0-0: Called Strike
0-1: Ball
1-1: Ball
2-1: Foul Ball, location: 2F
2-2: Ball
3-2: Foul Ball, location: 2F
3-2: Foul Ball, location: 2F
3-2: Strikes out swinging
Top of the 5th over - 0 runs, 1 hit, 0 errors, 2 left on base; St. Louis 0 - Maui 0
BOTTOM OF THE 5TH
Maui Tropics batting - Pitching for St. Louis Browns : RHP Scott Walker
Batting: LHB José Rivas 0-0: Ball
1-0: Ball
2-0: SINGLE (Groundball, 6MD)
Batting: LHB Luis Antonio Torres 0-0: Called Strike
0-1: Fly out, F8 (Flyball, 8RXD)
Batting: LHB Don Hull 0-0: Ball
1-0: Swinging Strike
1-1: Ball
2-1: TRIPLE (Flyball, 9LD)
José Rivas scores
Batting: RHB Michael Woodruff 0-0: Ball
1-0: Foul Ball, location: 2F
1-1: Ball
2-1: Ball
3-1: Called Strike
3-2: Strikes out swinging
Batting: RHB Matt Silver 0-0: Fly out, F7 (Flyball, 7LSF)
Bottom of the 5th over - 1 run, 2 hits, 0 errors, 1 left on base; St. Louis 0 - Maui 1
TOP OF THE 6TH
St. Louis Browns batting - Pitching for Maui Tropics : RHP Ronald Cotton
Batting: LHB Mike Hill 0-0: Called Strike
0-1: Ball
1-1: Foul Ball, location: 2F
1-2: SINGLE (Line Drive, 5)
Batting: RHB Adrian Prouse 0-0: Ball
1-0: Ball
2-0: Ground out 4-3 (Groundball, 34)
Mike Hill to second
Batting: LHB Dave Watson 0-0: Foul Ball, location: 2F
0-1: Ball
1-1: Swinging Strike
1-2: Ball
2-2: Strikes out swinging
Batting: LHB Junior Coates 0-0: Foul Ball, location: 2F
0-1: Ball
1-1: Foul Ball, location: 2F
1-2: Ball
2-2: Ball
3-2: Foul Ball, location: 2F
3-2: Foul Ball, location: 2F
3-2: Base on Balls
Batting: RHB Anthony Rucker 0-0: Ball
1-0: Called Strike
1-1: Fly out, F4 (Popup, 34S)
Top of the 6th over - 0 runs, 1 hit, 0 errors, 2 left on base; St. Louis 0 - Maui 1
BOTTOM OF THE 6TH
Maui Tropics batting - Pitching for St. Louis Browns : RHP Scott Walker
Batting: RHB Alfredo Ramírez 0-0: Ball
1-0: Ground out 4-3 (Groundball, 34)
Batting: RHB Roberto Gómez 0-0: Called Strike
0-1: Called Strike
0-2: SINGLE (Groundball, 6MD)
Batting: LHB Dave Cook 0-0: Called Strike
0-1: Called Strike
0-2: Ball
1-2: Grounds into double play, 6-4-3 (Groundball, 6)
Bottom of the 6th over - 0 runs, 1 hit, 0 errors, 0 left on base; St. Louis 0 - Maui 1
TOP OF THE 7TH
St. Louis Browns batting - Pitching for Maui Tropics : RHP Ronald Cotton
Batting: RHB Javier Martínez 0-0: Ball
1-0: Foul Ball, location: 2F
1-1: Ball
2-1: Fly out, F7 (Line Drive, 7)
Batting: RHB António Venecia 0-0: Called Strike
0-1: Ball
1-1: SINGLE (Groundball, 6MD)
Pitching: RHP Archie Summers
Batting: RHB Manuel Alonso 0-0: Called Strike
0-1: Ball
1-1: Ball
2-1: Ball
3-1: Foul Ball, location: 2F
3-2: Foul Ball, location: 2F
3-2: Foul Ball, location: 2F
3-2: Foul Ball, location: 2F
3-2: Base on Balls
António Venecia to second
Batting: RHB Jeff Jones 0-0: Ball
1-0: Called Strike
1-1: Foul Ball, location: 2F
1-2: Ball
2-2: Grounds into double play, 6-4-3 (Groundball, 6)
Top of the 7th over - 0 runs, 1 hit, 0 errors, 1 left on base; St. Louis 0 - Maui 1
BOTTOM OF THE 7TH
Maui Tropics batting - Pitching for St. Louis Browns : RHP Scott Walker
Batting: RHB Jesús Espinoza 0-0: Ball
1-0: Swinging Strike
1-1: Ball
2-1: Called Strike
2-2: Ball
3-2: Strikes out swinging
Batting: LHB José Rivas 0-0: Ball
1-0: Called Strike
1-1: Ball
2-1: Ball
3-1: Fly out, F3 (Line Drive, 3S)
Batting: LHB Luis Antonio Torres 0-0: Called Strike
0-1: Ball
1-1: Foul Ball, location: 2F
1-2: Strikes out swinging
Bottom of the 7th over - 0 runs, 0 hits, 0 errors, 0 left on base; St. Louis 0 - Maui 1
TOP OF THE 8TH
St. Louis Browns batting - Pitching for Maui Tropics : RHP Archie Summers
Batting: LHB Mike Hill 0-0: Foul Ball, location: 2F
0-1: Foul Ball, location: 2F
0-2: SINGLE (Groundball, 56D)
Batting: RHB Adrian Prouse 0-0: Ball
1-0: Swinging Strike
1-1: Ball
2-1: Foul Ball, location: 2F
2-2: Strikes out looking
Batting: LHB Dave Watson 0-0: Ball
1-0: Ball
2-0: SINGLE (Flyball, 89M)
Mike Hill to second
Runner from 2nd tries for 3rd, SAFE, no throw
Batting: LHB Junior Coates 0-0: Called Strike
0-1: Called Strike
0-2: Strikes out swinging
Batting: RHB Anthony Rucker 0-0: Called Strike
0-1: Ball
1-1: Ball
2-1: Foul Ball, location: 2F
2-2: Foul Ball, location: 2F
2-2: Ball
3-2: Foul Ball, location: 2F
3-2: Fly out, F8 (Flyball, 89XD)
Top of the 8th over - 0 runs, 2 hits, 0 errors, 2 left on base; St. Louis 0 - Maui 1
BOTTOM OF THE 8TH
Maui Tropics batting - Pitching for St. Louis Browns : RHP Scott Walker
Batting: LHB Don Hull 0-0: Ball
1-0: Ground out 6-3 (Groundball, 6)
Batting: RHB Michael Woodruff 0-0: Called Strike
0-1: SINGLE (Groundball, 56D)
Batting: RHB Matt Silver 0-0: Called Strike
0-1: Foul Ball, location: 2F
0-2: SINGLE (Groundball, 56D)
Michael Woodruff to second
Pinch Hitting: RHB Ximena Campos 0-0: Called Strike
0-1: Ball
1-1: Reached via error on a dropped throw, E1
Michael Woodruff to third
Matt Silver to second
Pitching: LHP Darren Blackwell
Batting: RHB Roberto Gómez 0-0: Grounds into double play, 5-2-3 (Groundball, 56)
Bottom of the 8th over - 0 runs, 2 hits, 1 error, 2 left on base; St. Louis 0 - Maui 1
TOP OF THE 9TH
St. Louis Browns batting - Pitching for Maui Tropics : RHP Archie Summers
Pitching: RHP César Rúbio
Now at 2B: Bo Vickers
Batting: RHB Javier Martínez 0-0: Ball
1-0: Ball
2-0: Called Strike
2-1: Ground out 4-3 (Groundball, 4M)
Batting: RHB António Venecia 0-0: SINGLE (Flyball, 78S)
Batting: RHB Manuel Alonso 0-0: Ball
1-0: Fly out, F7 (Flyball, 7LD)
Batting: RHB Jeff Jones 0-0: Called Strike
0-1: Swinging Strike
0-2: Strikes out swinging
Top of the 9th over - 0 runs, 1 hit, 0 errors, 1 left on base; St. Louis 0 - Maui 1
Saturday, December 16th, 2017 - OOTP Baseball 18.8 Build 76